 Dungeon Crawl Stone Soup version 0.30-a0-860-g512cf1e979 (webtiles) character file.

Game seed: 531510703565101533

3705 cforsyth the Geomancer (level 9, -21/45 HPs)
             Began as a Deep Elf Earth Elementalist on Mar 7, 2023.
             Was a Follower of Vehumet.
             Shot with an arrow by a centaur warrior (28 damage)
             ... on level 8 of the Dungeon.
             The game lasted 00:13:14 (7128 turns).

cforsyth the Geomancer (DEEE)                       Turns: 7128, Time: 00:13:14

Health: -21/45     AC:  4    Str:  5    XL:     9   Next: 91%
Magic:  25/25      EV: 12    Int: 25    God:    Vehumet [*.....]
Gold:   434        SH:  0    Dex: 15    Spells: 24/28 levels left

rFire   . . .      SeeInvis .    (no weapon)
rCold   . . .      Faith    .    (no shield)
rNeg    . . .      Spirit   .    a - +0 robe
rPois   .          Reflect  .    (no helmet)
rElec   .          Rampage  .    y - +0 cloak
rCorr   .                        (no gloves)
Will    .....                    p - +0 pair of boots
Stlth   ++                       (no amulet)
HPRegen 0.27/turn                (no ring)
MPRegen 0.19/turn                (no ring)

@: no status effects
A: no striking features
a: Renounce Religion


You were on level 8 of the Dungeon.
You worshipped Vehumet.
Vehumet was aware of your devotion.
You visited 2 branches of the dungeon, and saw 9 of its levels.

You collected 434 gold pieces.

Inventory:

Armour
 a - a +0 robe (worn)
 p - a +0 pair of boots (worn)
 y - a +0 cloak (worn)
Wands
 q - a wand of polymorph (10)
 t - a wand of mindburst (31)
 v - a wand of paralysis (8)
 A - a wand of roots (9)
Scrolls
 d - a scroll of immolation
 e - 4 scrolls of teleportation
 h - a scroll of summoning {unknown}
 i - a scroll of brand weapon {unknown}
 l - a scroll of magic mapping {unknown}
 o - 3 scrolls of fog {unknown}
 r - 4 scrolls of identify
 s - 2 scrolls of poison
 u - a scroll of fear
 x - 2 scrolls of blinking {unknown}
Potions
 b - 3 potions of magic
 c - 6 potions of curing
 f - 2 potions of heal wounds
 g - a potion of flight
 j - a potion of haste
 k - 2 potions of brilliance
 m - 2 potions of cancellation {unknown}
 n - a potion of might
 w - 2 potions of mutation
 z - a potion of lignification {unknown}
 B - a potion of attraction {unknown}


   Skills:
 - Level 2.4 Dodging
 - Level 2.4 Stealth
 - Level 10.1 Spellcasting
 - Level 1.1 Transmutations
 + Level 13.5 Earth Magic


You had 24 spell levels left.
You knew the following spells:

 Your Spells              Type           Power      Damage    Failure   Level
a - Sandblast             Erth           100%       2d20      1%          1
b - Stone Arrow           Conj/Erth      92%        3d12      1%          3

Your spell library contained the following spells:

 Spells                   Type           Power      Damage    Failure   Level
 Kiss of Death            Conj/Necr      48%        2d9       4%          1
 Passwall                 Tmut/Erth      40%        N/A       1%          2
 Petrify                  Tmut/Erth      49%        N/A       2%          4
 Freeze                   Ice            48%        1d6       4%          1
 Shock                    Conj/Air       48%        1d6       4%          1
 Blink                    Tloc           24%        N/A       8%          2
 Lesser Beckoning         Tloc           24%        N/A       8%          2
 Momentum Strike          Conj/Tloc      24%        3d8       8%          2
 Frozen Ramparts          Ice            24%        1d4       14%         3
 Hailstorm                Conj/Ice       12%        3d5       14%         3
 Portal Projectile        Hex/Tloc       24%        N/A       14%         3
 Swiftness                Air            12%        N/A       14%         3
 Tukima's Dance           Hex            12%        N/A       14%         3
 Airstrike                Air            6%         2d(1-17)  43%         4
 Blade Hands              Tmut           9%         N/A       65%         5


Dungeon Overview and Level Annotations

Branches:
Dungeon (8/15)             Temple (1/1) D:6
   Lair: D:8-11

Altars:
Ashenzari
Cheibriados
Dithmenos
Fedhas
Gozag
Hepliaklqana
Nemelex Xobeh
Okawaru
Sif Muna
Trog
Uskayaw
Vehumet
Wu Jian
Xom
Yredelemnul
Zin
The Shining One

Shops:
D:6 !

Annotations:
D:4 1 runed translucent door, cforsyth's ghost, novice DEEE
D:7 1 runed translucent door, Crazy Yiuf


Message History

The centaur warrior wields a +0 shortbow.
The centaur warrior shoots an arrow.
The arrow hits you!!
Ouch! That really hurt!
The centaur warrior shouts!
You feel much better.
The centaur warrior shoots an arrow.
The arrow completely misses you.
The centaur warrior wields a +0 longbow.
The centaur warrior shoots an arrow.
The arrow hits you!!
You feel much better.
Your surroundings suddenly seem different.
An orc comes into view. It is wielding a +0 short sword.
An orc comes into view. It is wielding a +0 whip.
The orc shouts!
You hear a shout! x3
An orc wizard comes into view. It is wielding a +0 dagger.
You can't see any susceptible monsters within range! (Use Z to cast anyway.)
There are monsters nearby!
The blast of sand hits the orc!!
You kill the orc!
Vehumet accepts your kill.
The orc wizard gestures wildly while chanting.
The orc wizard flickers and vanishes!
Deactivating autopickup; reactivate with Ctrl-A.
You can't see any susceptible monsters within range! (Use Z to cast anyway.)
An orc comes into view. It is wielding a +0 dagger.
Unknown command.
Unknown command.
Something tries to affect you, but you resist.
Found a scroll of identify.
Found a stone staircase leading down.
Found a mace.
The centaur warrior shoots an arrow.
The arrow hits you!!
The centaur warrior shoots an arrow.
The arrow hits you!
* * * LOW HITPOINT WARNING * * *
You hear a shout!
Unknown command.
You feel much better.
The centaur warrior shoots an arrow.
The arrow hits you!!
Ouch! That really hurt!
* * * LOW HITPOINT WARNING * * *
The centaur warrior shoots an arrow.
The arrow hits you!!
Ouch! That really hurt!
You die...

#.# #..# ##.## ## #.#####.#
#..# ... ##.. #..#....##
##.###.).. .c.#
#.....#..#####........ #).#
###...# #...........>...
#..##.).†.###..............#
#......##......######..#..##
#[....####c...## ..#..#
#.....## ##..@##### ..# ?#
#......# ##..<...# ... #
........# #######...####
.####..## # ##. ##


You could see a centaur warrior.

Vanquished Creatures
  Pikel (D:6)
  Grinder (D:6)
  Sigmund (D:6)
  A steam dragon (D:6)
  A vampire mosquito (D:8)
  Menkaure (D:7)
  4 water moccasins
  Duvessa (D:7)
  A black bear (D:6)
  A sky beast (D:7)
  An ice beast (D:6)
  An ogre (D:5)
  3 centaurs
  A lemure (D:6)
  A phantom (D:5)
  2 scorpions (D:6)
  Blork the orc (D:5)
  A gnoll sergeant (D:7)
  3 wights (D:7)
  Dowan (D:7)
  6 howler monkeys
  4 hounds
  2 orc priests
  A gnoll bouda (D:3)
  2 jellies
  3 iguanas
  18 gnolls
  4 adders
  2 white imps
  An ufetubus (D:6)
  A worm (D:4)
  3 dart slugs (D:1)
  21 orcs
  8 endoplasms
  2 giant cockroaches
  3 goblins
  4 hobgoblins
  2 jackals (D:1)
  5 kobolds
  6 quokkas
  4 ball pythons
  8 bats
  4 frilled lizards
  7 rats
149 creatures vanquished.

Vanquished Creatures (others)
  2 withered plants (D:4)
2 creatures vanquished.

Grand Total: 151 creatures vanquished

Notes
Turn   | Place    | Note
-------+----------+-------------------------------------------
     0 | D:1      | cforsyth the Deep Elf Earth Elementalist began the quest
                  | for the Orb.
     0 | D:1      | Reached XP level 1. HP: 10/10 MP: 6/6
   145 | D:1      | Reached XP level 2. HP: 15/15 MP: 4/8
   582 | D:1      | Reached skill level 4 in Earth Magic
   686 | D:1      | Reached XP level 3. HP: 19/19 MP: 7/10
  1290 | D:2      | Learned a level 3 spell: Stone Arrow
  1580 | D:3      | Reached XP level 4. HP: 24/24 MP: 7/12
  1637 | D:3      | Reached skill level 5 in Spellcasting
  1745 | D:3      | Reached skill level 5 in Earth Magic
  1794 | D:3      | Reached XP level 5. HP: 28/28 MP: 11/14
  2279 | D:4      | Noticed a water moccasin
  2289 | D:4      | Killed a water moccasin
  2290 | D:4      | Reached XP level 6. HP: 22/32 MP: 9/17
  2762 | D:4      | Reached skill level 6 in Earth Magic
  2940 | D:4      | Found a runed translucent door.
  2940 | D:4      | Noticed cforsyth's ghost (novice DEEE)
  3004 | D:5      | Entered Level 5 of the Dungeon
  3030 | D:5      | HP: 1/32 [gnoll/+0 whip (7)]
  3308 | D:5      | Reached XP level 7. HP: 36/36 MP: 16/19
  3412 | D:5      | Reached skill level 7 in Earth Magic
  4221 | D:5      | Noticed Blork the orc
  4227 | D:5      | Killed Blork the orc
  4253 | D:5      | Found a shimmering blue altar of Sif Muna.
  4561 | D:6      | Found a staircase to the Ecumenical Temple.
  4569 | Temple   | Entered the Ecumenical Temple
  4634 | Temple   | Became a worshipper of Vehumet
  4793 | D:6      | Noticed Sigmund
  4803 | D:6      | Killed Sigmund
  4804 | D:6      | Reached skill level 8 in Earth Magic
  4804 | D:6      | Reached XP level 8. HP: 19/41 MP: 20/23
  4971 | D:6      | Noticed Grinder
  4976 | D:6      | Paralysed by Grinder for 2 turns
  4979 | D:6      | Killed Grinder
  4980 | D:6      | Reached skill level 10 in Spellcasting
  5202 | D:6      | Reached skill level 9 in Earth Magic
  5295 | D:6      | Found Taygiu's Distillery.
  5402 | D:6      | Noticed Pikel
  5632 | D:6      | Killed Pikel
  5633 | D:6      | Reached skill level 10 in Earth Magic
  5633 | D:6      | Reached XP level 9. HP: 10/45 MP: 21/25
  5831 | D:6      | Reached skill level 11 in Earth Magic
  6031 | D:6      | Found a snail-covered altar of Cheibriados.
  6031 | D:6      | Found a glowing golden altar of the Shining One.
  6237 | D:7      | Noticed Menkaure
  6420 | D:7      | Killed Menkaure
  6479 | D:7      | Reached * piety under Vehumet
  6479 | D:7      | Offered knowledge of Kiss of Death by Vehumet.
  6530 | D:7      | Reached skill level 12 in Earth Magic
  6578 | D:7      | Found the +10 morningstar "Eos" {elec, Halo rElec}
  6579 | D:7      | Noticed Dowan
  6579 | D:7      | Noticed Duvessa
  6581 | D:7      | Killed Duvessa
  6582 | D:7      | Killed Dowan
  6669 | D:7      | Found a runed translucent door.
  6670 | D:7      | Noticed Crazy Yiuf
  6858 | D:7      | Reached skill level 13 in Earth Magic
  7106 | D:8      | Identified the +6 flail "Faoptexo" {chaos, MP-9 Dex+7}
  7106 | D:8      | Noticed a centaur warrior
  7106 | D:8      | Noticed a centaur warrior
  7128 | D:8      | Shot with an arrow by a centaur warrior

Illustrated notes

Levels and vault maps discovered:
D:1:      dpeg_arrival_lava_altar, layout_basic
D:2:      layout_rooms, nicolae_titane
D:3:      layout_basic
D:4:      layout_basic, gammafunk_ghost_grave
D:5:      layout_layer_cave, tgw_sif, minmay_diced_spiral
D:6:      layout_basic, gammafunk_temple_overflow_statue,
          minmay_temple_entry_arrows, serial_shops,
          nicolae_shop_temple_entry_statues_fountains, uniq_pikel, uniq_sigmund,
          uniq_grinder
D:7:      layout_cave_pools, hangedman_glass_teeth, uniq_crazy_yiuf_cottage,
          uniq_duvessa, uniq_menkaure
D:8:      minmay_the_grid_octo_triangle [minmay_the_grid_octo_clover_2,
          minmay_the_grid_octo_prize_star, minmay_the_grid_octo_odd_swirl],
          layout_layer_cave, lemuel_zombie_altar_kikubaaqudgha
Temple:   regret_index_temple_mists

Skill      XL: |  1  2  3  4  5  6  7  8  9 |
---------------+----------------------------+-----
Spellcasting   | 4 5 6 7 9 10 | 10.1
Earth Magic    | 4 5 6 8 10 13 | 13.5
Dodging        | |  2.4
Stealth        | |  2.4
Transmutations | |  1.1

Action                     |  1- 3 |  4- 6 |  7- 9 || total
---------------------------+-------+-------+-------++-------
  Melee: Unarmed           |     1 |       |       ||     1
   Cast: Sandblast         |    56 |    71 |   120 ||   247
    Use: Potion            |       |     1 |     3 ||     4
         Scroll            |       |       |    11 ||    11
 Armour: Robe              |     4 |     4 |     9 ||    17
  Dodge: Dodged            |    12 |    24 |    24 ||    60

Table legend: (Time is in decaauts)
 A = Elapsed time spent in this place.
 B = Non-inter-level travel time spent in this place.
 C = Inter-level travel time spent in this place.
 D = Time resting spent in this place.
 E = Time spent auto-exploring this place.
 F = Levels seen in this place.
 G = Mean time per level.
                   A        B        C        D        E       F      G
               +--------+--------+--------+--------+--------+-----+--------+
         Total |   7277 |   6950 |    327 |    390 |   5600 |   9 |  808.6 |
       Dungeon |   7179 |   6863 |    316 |    390 |   5536 |   8 |  897.4 |
        Temple |     98 |     87 |     11 |      0 |     64 |   1 |   98.0 |
               +--------+--------+--------+--------+--------+-----+--------+

Top non-repeatable levels by time:
     D:6: 1690 daAuts
     D:5: 1639 daAuts
     D:1: 984 daAuts
     D:4: 802 daAuts
     D:3: 690 daAuts
     D:7: 657 daAuts
     D:2: 610 daAuts
     D:8: 102 daAuts
  Temple: 98 daAuts
